 Dungeon Crawl Stone Soup version 0.31.0-9-g3a7656b989 (webtiles) character file.

Game seed: 6184735267030208683

429 qw the Shooter (level 6, -9/30 HPs)
             Began as a Spriggan Hunter on Feb 2, 2024.
             Mangled by an ogre
             ... wielding a +0 giant club
              (15 damage)
             ... on level 4 of the Dungeon.
             The game lasted 00:00:13 (3252 turns).

qw the Shooter (Spriggan Hunter)                    Turns: 3252, Time: 00:00:14

Health: -9/30      AC:  2    Str:  7    XL:     6   Next: 66%
Magic:  7/7        EV: 21    Int: 10    God:
Gold:   233        SH:  5    Dex: 21    Spells: 5/5 levels left

rFire   + . .        a - +0 shortbow
rCold   . . .        (shield currently unavailable)
rNeg    . . .        c - +0 robe
rPois   .            (helmet restricted)
rElec   .            (no cloak)
rCorr   .            (gloves unavailable)
SInv    +            (boots unavailable)
Will    +....        s - amulet of reflection
Stlth   ++           k - ring of protection from fire
HPRegen 0.25/turn    (no ring)
MPRegen 0.10/turn

%: reflection
@: very quick
A: very small, no large weapons, unfitting armour, see invisible, speed 3
a: no special abilities


You were on level 4 of the Dungeon.
You visited 1 branch of the dungeon, and saw 4 of its levels.

You collected 233 gold pieces.


Innate Abilities, Weirdness & Mutations

You are very small and have problems with some larger weapons.
You are too small for most types of armour.
You have supernaturally acute eyesight. (SInv)
You cover ground extremely quickly. (Speed+++)


   Skills:
 - Level 2.0 Fighting
 + Level 6.6 Ranged Weapons
 - Level 6.1 Dodging
 - Level 1.5 Stealth


You had 5 spell levels left.
You didn't know any spells.
Your spell library was empty.

Inventory:

Hand Weapons
 a - a +0 shortbow (weapon)
Armour
 c - a +0 robe (worn)
Jewellery
 k - a ring of protection from fire (left hand)
 s - an amulet of reflection (around neck)
Wands
 d - a wand of flame (13)
 f - a wand of mindburst (7)
Scrolls
 b - 2 scrolls of identify
 p - a scroll of teleportation
Potions
 e - 3 potions of cancellation
 g - a potion of resistance
 h - a potion of curing
 i - a potion of might {unknown}
 m - a potion of heal wounds {unknown}
 n - a potion of haste {unknown}

Dungeon Overview and Level Annotations

Branches:
Dungeon (4/15)
 Temple: D:4-7

Altars:
Ashenzari
Kikubaaqudgha
Qazlal

Annotations:
D:1 exclusion: goblin


Message History

An ogre comes into view. It is wielding a +0 giant club.
You shoot an arrow. The ogre shouts!
The arrow hits the orc priest.
The orc priest is heavily wounded.
The orc throws a boomerang.
You block the boomerang with an invisible shield... and reflect it back!
The boomerang closely misses the orc.
You shoot an arrow.
The arrow completely misses the orc priest.
The arrow barely misses the orc.
The orc priest calls down the wrath of Beogh upon you.
Beogh smites you!
You shoot an arrow.
The arrow closely misses the orc priest.
You shoot an arrow. The arrow hits the orc priest!
You kill the orc priest!
Your Dodging skill increases to level 6!
You shoot an arrow. The arrow hits the orc.
The orc is severely wounded.
An orc priest comes into view. It is wielding a +0 club.
You shoot an arrow. The orc priest shouts!
The arrow hits the orc but does no damage.
The orc is severely wounded.
You block the orc's attack. The orc completely misses you.
You shoot an arrow. The arrow closely misses the orc.
The orc completely misses you. The orc closely misses you.
An orc comes into view. It is wielding a +0 club.
You shoot an arrow. The orc shouts!
The arrow hits the orc.
You kill the orc!
The orc hits you with a +0 whip.
The orc priest looks encouraged for a moment.
You shoot an arrow. The arrow hits the ogre.
The ogre is lightly wounded.
The orc hits you with a +0 whip. The ogre hits you with a +0 giant club!
Ouch! That really hurt!
You die...

#. # #. #. ##. ######
#. .. ..##.. ..#
##.##. #.##.# #.#
.#.....###.##.# #.#
#..........##.######.#
#..O@..........##.#
##.o)##.##.###.##.#
.....)###.##.# #.##.#
#.##.. #.##.###.##.# #
...o ..##........#
.##.o #.######.######
. ... ..# #.#####.
#... ### ##....##.
##.###.##.


You could see an ogre, an orc priest and 2 orcs.

Vanquished Creatures
  Grinder (D:3)
  A bombardier beetle (D:4)
  An orc priest (D:4)
  A sleepcap (D:4)
  4 adders
  A gnoll (D:4)
  2 dart slugs
  8 orcs
  8 endoplasms
  6 giant cockroaches
  4 goblins
  8 hobgoblins
  3 jackals (D:2)
  3 quokkas
  8 ball pythons
  6 bats
  4 frilled lizards
  9 kobolds
  3 rats
81 creatures vanquished.

Notes
Turn   | Place    | Note
-------+----------+-------------------------------------------
     0 | D:1      | qw the Spriggan Hunter began the quest for the Orb.
     0 | D:1      | Reached XP level 1. HP: 10/10 MP: 2/2
     0 | D:1      | 0 ||| qw: Version: 0.3-a-155-g5e7d8dd
     0 | D:1      | 0 ||| qw: Game counter: 2598
     0 | D:1      | 0 ||| qw: Melee chars always use a shield: true
     0 | D:1      | 0 ||| qw: God list: Okawaru
     0 | D:1      | 0 ||| qw: Allow faded altars: false
     0 | D:1      | 0 ||| qw: Do Orc after clearing Dungeon:15 true
     0 | D:1      | 0 ||| qw: Do second Lair branch before Depths: true
     0 | D:1      | 0 ||| qw: Lair rune preference: random
     0 | D:1      | 0 ||| qw: Goals: Normal
     0 | D:1      | 0 ||| PLANNING D:1-11
    29 | D:1      | Reached skill level 3 in Dodging
   246 | D:1      | Reached XP level 2. HP: 12/14 MP: 3/3
   969 | D:1      | 969 ||| READING 2 scrolls labelled ZIREEK CEUQO.
   970 | D:1      | 970 ||| READING scroll labelled BARCHAZ ELOTS.
   971 | D:1      | 971 ||| READING scroll labelled OTUPONW FORY.
   972 | D:1      | 972 ||| DROPPING scroll of butterflies.
   973 | D:1      | 973 ||| DROPPING scroll of immolation.
  1053 | D:2      | Reached XP level 3. HP: 11/18 MP: 4/4
  1223 | D:2      | Identified the orb of Indomitability {mayhem, rCorr}
  1390 | D:2      | Found a stormy altar of Qazlal.
  1483 | D:2      | 1483 ||| FLEEEEING.
  1484 | D:2      | 1484 ||| FLEEEEING.
  1485 | D:2      | 1485 ||| FLEEEEING.
  1486 | D:2      | 1486 ||| FLEEEEING.
  1487 | D:2      | 1487 ||| FLEEEEING.
  1488 | D:2      | 1488 ||| FLEEEEING.
  1489 | D:2      | 1489 ||| FLEEEEING.
  1491 | D:2      | 1491 ||| FLEEEEING.
  1492 | D:2      | 1492 ||| FLEEEEING.
  1758 | D:2      | 1758 ||| READING 3 scrolls labelled QIORHA AKLAXZE.
  1758 | D:2      | 1758 ||| IDENTIFYING sedimented golden potion
  1759 | D:2      | 1759 ||| READING 2 scrolls of identify.
  1759 | D:2      | 1759 ||| IDENTIFYING green potion
  1760 | D:2      | 1760 ||| READING scroll of identify.
  1760 | D:2      | 1760 ||| IDENTIFYING 2 dark potions
  1761 | D:2      | 1761 ||| READING scroll labelled ENI BISAVEM.
  2005 | D:3      | Reached XP level 4. HP: 22/22 MP: 5/5
  2087 | D:3      | Found a broken altar of Ashenzari.
  2551 | D:3      | Found an ancient bone altar of Kikubaaqudgha.
  2554 | D:3      | Noticed Grinder
  2555 | D:3      | 2555 ||| ZAPPING wand of mindburst (10) at -1,-1 (Grinder;
                  | floor).
  2556 | D:3      | 2556 ||| ZAPPING wand of mindburst (9) at -1,-1 (Grinder;
                  | floor).
  2557 | D:3      | 2557 ||| ZAPPING wand of mindburst (8) at -1,-1 (Grinder;
                  | floor).
  2557 | D:3      | Killed Grinder
  2558 | D:3      | Reached skill level 6 in Ranged Weapons
  2558 | D:3      | Reached XP level 5. HP: 21/26 MP: 6/6
  2558 | D:3      | Reached XP level 6. HP: 24/30 MP: 7/7
  2729 | D:3      | 2729 ||| UPGRADING to amulet of reflection.
  2734 | D:3      | 2734 ||| UPGRADING to ring of protection from fire.
  2735 | D:3      | 2735 ||| DROPPING +6 ring of intelligence.
  2736 | D:3      | 2736 ||| READING scroll of identify.
  2736 | D:3      | 2736 ||| IDENTIFYING sedimented brown potion
  2737 | D:3      | 2737 ||| READING scroll labelled JIECEAGAAR.
  2737 | D:3      | 2737 ||| ENCHANTING +0 shortbow.
  2738 | D:3      | 2738 ||| READING 2 scrolls labelled ROTTEPRAVO.
  2739 | D:3      | 2739 ||| READING scroll labelled VOR PUOWUMMYCAE.
  2792 | D:3      | 2792 ||| READING 2 scrolls labelled PAJAKE BOVUREKK.
  2795 | D:3      | 2795 ||| READING scroll labelled DYRHUI MITZ.
  2796 | D:3      | 2796 ||| READING scroll labelled CUDAG UL OGEAF.
  2797 | D:3      | 2797 ||| READING scroll labelled KUOTADO OLUR.
  2798 | D:3      | 2798 ||| DROPPING potion of ambrosia.
  2799 | D:3      | 2799 ||| DROPPING scroll of amnesia.
  2801 | D:3      | 2801 ||| Stepping ~*~*~tactically~*~*~ (cloud).
  2816 | D:3      | 2816 ||| FLEEEEING.
  2817 | D:3      | 2817 ||| FLEEEEING.
  2818 | D:3      | 2818 ||| FLEEEEING.
  2820 | D:3      | 2820 ||| FLEEEEING.
  2821 | D:3      | 2821 ||| FLEEEEING.
  2822 | D:3      | 2822 ||| FLEEEEING.
  2823 | D:3      | 2823 ||| FLEEEEING.
  2825 | D:3      | 2825 ||| FLEEEEING.
  2826 | D:3      | 2826 ||| FLEEEEING.
  2827 | D:3      | 2827 ||| FLEEEEING.
  2829 | D:3      | 2829 ||| FLEEEEING.
  2830 | D:3      | 2830 ||| FLEEEEING.
  2832 | D:3      | 2832 ||| FLEEEEING.
  2833 | D:3      | 2833 ||| FLEEEEING.
  2835 | D:3      | 2835 ||| FLEEEEING.
  2836 | D:3      | 2836 ||| FLEEEEING.
  2837 | D:3      | 2837 ||| FLEEEEING.
  2839 | D:3      | 2839 ||| FLEEEEING.
  2840 | D:3      | 2840 ||| FLEEEEING.
  2841 | D:3      | 2841 ||| FLEEEEING.
  2842 | D:3      | 2842 ||| FLEEEEING.
  2843 | D:3      | 2843 ||| FLEEEEING.
  2844 | D:3      | 2844 ||| FLEEEEING.
  2845 | D:3      | 2845 ||| FLEEEEING.
  3248 | D:4      | Reached skill level 6 in Dodging
  3252 | D:4      | HP: 6/30 [orc/+0 whip (5)]
  3252 | D:4      | Mangled by an ogre

Levels and vault maps discovered:
D:1:      tarquinn_simple_flora_water_d, layout_basic,
          shapermc_ecumenical_altar_pompeii, nicolae_twisty_statue_hallways
D:2:      layout_basic, basic_altar, minmay_fractal_squares_5
D:3:      layout_loops_ring, mainiacjoe_overflow_brackets,
          mainiacjoe_overflow_alcove_2, minivault_27, minmay_joined_circles,
          uniq_grinder
D:4:      layout_loops_corners

Skill      XL: |  1  2  3  4  5  6 |
---------------+-------------------+-----
Dodging        | 3 4 5 6 |  6.1
Ranged Weapons | 5 6 |  6.6
Fighting       | 2 |  2.0
Stealth        | |  1.5

Action                     |  1- 3 |  4- 6 || total
---------------------------+-------+-------++-------
   Fire: Shortbow          |   120 |   124 ||   244
  Evoke: Wand              |       |     3 ||     3
    Use: Scroll            |     7 |     8 ||    15
 Armour: Robe              |    15 |    15 ||    30
  Dodge: Dodged            |    78 |    62 ||   140
  Block: Other             |       |     4 ||     4
         Reflection        |       |     1 ||     1

Table legend:
 A = Non-vault XP
 B = Vault XP
 C = Vault XP percentage of total XP
 D = Non-vault monster count
 E = Vault monster count
 F = Vault count percentage of total count
                 A         B        C        D         E       F
            +---------+---------+-------+---------+---------+-------
      Total |     286 |     328 |  53.4 |      64 |      17 |  21.0
            +---------+---------+-------+---------+---------+-------
        D:1 |      30 |       0 |   0.0 |      19 |       0 |   0.0
        D:2 |      43 |      20 |  31.7 |      17 |       5 |  22.7
        D:3 |      67 |     308 |  82.1 |      21 |      12 |  36.4
        D:4 |     146 |       0 |   0.0 |       7 |       0 |   0.0
            +---------+---------+-------+---------+---------+-------
